 Dungeon Crawl Stone Soup version 0.31.0-32-g396128a36d (webtiles) character file.

Game seed: 4542302117831103365

16845 unlimited1921 the Thaumaturge (level 12, -19/76 HPs)
             Began as a Djinni Fire Elementalist on Apr 9, 2024.
             Shot with an arrow by a centaur warrior (20 damage)
             ... on level 13 of the Dungeon on Apr 10, 2024.
             The game lasted 01:03:51 (20287 turns).

unlimited1921 the Thaumaturge (DjFE)               Turns: 20287, Time: 01:03:55

Health: -19/76     AC:  9    Str:  7    XL:     12   Next: 75%
Gold:   470        EV: 17    Int: 28    God:
                   SH: 12    Dex: 20

rFire   + + +        q - +6 spear of Tiese {flame, rElec rCorr Int+3 Dex+3}
rCold   x . .        w - +0 kite shield
rNeg    + . .        W - +0 troll leather armour
rPois   ∞            N - +1 hat
rElec   +            n - +2 cloak
rCorr   +            P - +0 pair of gloves
SInv    .            (boots unavailable)
Will    +....        x - amulet of regeneration
Stlth   +++          p - +6 ring of intelligence
HPRegen 1.92/turn    u - ring "Zicriydag" {rF++ rN+ EV+5}
MPRegen 0.00/turn

%: infuse magic (-20 HP)
@: flying, very slightly contaminated
A: sickness immunity, fire resistance 2, cold vulnerability 1, float, innate
caster, HP casting, extra vitality 1
a: no special abilities


You were on level 13 of the Dungeon.
You visited 3 branches of the dungeon, and saw 15 of its levels.

You collected 742 gold pieces.
You spent 272 gold pieces at shops.

Inventory:

Hand Weapons
 a - a +0 spear of venom
 h - a +2 dagger of flaming
 q - the +6 spear of Tiese (weapon) {flame, rElec rCorr Int+3 Dex+3}
   (You found it on level 3 of the Dungeon)

   Int+3:     It affects your intelligence (+3).
   Dex+3:     It affects your dexterity (+3).
   rElec:     It insulates you from electricity.
   rCorr:     It protects you from acid and corrosion.
 S - a +1 heavy orcbow
Missiles
 f - 28 poisoned darts (quivered)
 i - a curare-tipped dart
 r - 12 boomerangs
 E - 2 javelins
Armour
 n - a +2 cloak (worn)
 w - a +0 kite shield (worn)
 I - a +3 scale mail
 N - a +1 hat (worn)
 O - a +2 robe of willpower
 P - a +0 pair of gloves (worn)
 R - +0 acid dragon scales
 W - a +0 troll leather armour (worn)
Jewellery
 c - a +5 ring of evasion
 p - a +6 ring of intelligence (left hand)
 u - the ring "Zicriydag" (right hand) {rF++ rN+ EV+5}
   (You found it on level 3 of the Dungeon)

   [ring of evasion]

   EV+5:      It affects your evasion (+5).
   rF++:      It greatly protects you from fire.
   rN+:       It protects you from negative energy.
 x - an amulet of regeneration (around neck)
 B - a +4 ring of slaying
 M - a +6 ring of dexterity
Wands
 s - a wand of roots (7)
 D - a wand of light (15)
 Q - a wand of flame (13)
Scrolls
 e - 2 scrolls of immolation
 g - 10 scrolls of teleportation
 k - a scroll of vulnerability
 v - 2 scrolls of enchant weapon
 y - 2 scrolls of poison
 F - a scroll of silence
 G - a scroll of fog
 H - a scroll of blinking
 J - 2 scrolls of fear
 K - 4 scrolls of enchant armour
 L - a scroll of summoning
 T - a scroll of acquirement
Potions
 b - a potion of might {unknown}
 d - 2 potions of enlightenment
 j - 2 potions of invisibility
 l - a potion of mutation {unknown}
 m - a potion of lignification
 o - a potion of magic {unknown}
 t - a potion of degeneration {unknown}
 z - 3 potions of brilliance {unknown}
 A - 4 potions of heal wounds
 C - 4 potions of curing
 U - a potion of attraction
 V - a potion of cancellation {unknown}


   Skills:
 + Level 2.7 Fighting
 + Level 4.1 Polearms
 + Level 0.9 Throwing
 + Level 6.4 Armour
 + Level 5.3 Dodging
 + Level 5.0 Stealth
 + Level 10.0 Shields
 * Level 10.8 Spellcasting
 * Level 10.8 Conjurations
 * Level 10.8 Hexes
 * Level 10.8 Summonings
 * Level 10.8 Necromancy
 * Level 10.8 Translocations
 * Level 10.8 Fire Magic
 * Level 10.8 Ice Magic
 * Level 10.8 Air Magic
 * Level 10.8 Earth Magic
 * Level 10.8 Alchemy


You knew the following spells:

 Your Spells              Type           Power      Damage    Failure   Level
a - Foxfire               Conj/Fire      100%       2x1d9     1%          1
b - Scorch                Fire           100%       2d9       1%          2
c - Volatile Blastmotes   Fire/Tloc      100%       2d18      1%          3
d - Inner Flame           Hex/Fire       66%        N/A       1%          3
e - Flame Wave            Conj/Fire      66%        2d15      2%          4
f - Necrotise             Necr           100%       1d9       1%          1
g - Momentum Strike       Conj/Tloc      100%       3d10      1%          2
h - Fugue of the Fallen   Necr           66%        N/A       1%          3
i - Vampiric Draining     Necr           66%        2d10      1%          3
j - Anguish               Hex/Necr       33%        N/A       2%          4
Your spell library was empty.

Dungeon Overview and Level Annotations

Branches:
Dungeon (13/15)            Temple (1/1) D:7            Lair (0/5) D:10
    Orc (1/2) D:12
 Vaults: D:13-14

Altars:
Ashenzari
Cheibriados
Dithmenos
Fedhas
Gozag
Makhleb
Nemelex Xobeh
Okawaru
Qazlal
Ru
Trog
Uskayaw
Yredelemnul
Zin
The Shining One

Shops:
D:1 (   D:7 ?

Portals:
Abyss: D:5
Trove: D:10 (give horn of Geryon)

Annotations:
D:7 1 runed translucent door


Innate Abilities, Weirdness & Mutations

You are immune to sickness and miasma.
You are immune to poison.
Your flesh is very heat resistant. (rF++)
You are vulnerable to cold. (rC-)
You float through the air rather than walking.
You learn spells naturally, not from books.
Your magical power is your life essence.
You have superior vitality. (+4 MHP)


Message History

Flames lash the centaur warrior.
The centaur warrior is burned terribly!
The centaur warrior is heavily wounded.
The foxfire hits the skeletal warrior but does no damage.
The skeletal warrior is lightly damaged.
The centaur warrior shoots an arrow.
The arrow hits you!
The centaur warrior shoots an arrow.
The arrow barely misses you.
Casting: Scorch (safe; 1% risk of failure)
Confirm with . or Enter, or press ? or * to list all spells.
Flames lash the centaur warrior.
The centaur warrior is burned terribly!
The centaur warrior is severely wounded.
The centaur warrior shoots an arrow.
The arrow hits you.
Casting: Scorch (safe; 1% risk of failure)
Confirm with . or Enter, or press ? or * to list all spells.
Flames lash the centaur warrior.
The centaur warrior is burned terribly!
The centaur warrior is almost dead.
The centaur warrior shoots an arrow.
The arrow closely misses you.
Casting: Scorch (safe; 1% risk of failure)
Confirm with . or Enter, or press ? or * to list all spells.
Flames lash the skeletal warrior but do no damage.
Casting: Scorch (safe; 1% risk of failure)
Confirm with . or Enter, or press ? or * to list all spells.
Casting: Flame Wave (dangerous; 2% risk of failure)
Press: ? - help, Dir - look around, f - activate A wave of flame ripples out!
The flame wave engulfs the centaur warrior.
The centaur warrior is burned terribly!
The centaur warrior is almost dead. (Press . to intensify the flame waves.)
The centaur warrior unwields a +0 orcbow.
You block the centaur warrior's attack. The centaur warrior kicks you.
The skeletal warrior hits you from afar with a +0 halberd!!
* * * LOW HITPOINT WARNING * * *
Blink to where?
Press: ? - help, Dir - move target
As you read the scroll of blinking, it crumbles to dust.
The centaur warrior wields a +0 orcbow.
The centaur warrior shoots an arrow.
The arrow hits you!!
* * * LOW HITPOINT WARNING * * *
The centaur warrior shoots an arrow.
The arrow hits you!!
You die...

### ..# #.# #.# #.#
### #####@###### ...#
#............##(..#
#.####.........$..###
#....##c§z......
#[...##.......§.
##.#.##......)..
#.#.#####...#.# ....#
.#.... ..#... ...#.#


You could see a skeletal warrior and a centaur warrior (combustible).

Vanquished Creatures
  Erolcha (D:9)
  2 centaur warriors
  A boulder beetle (D:13)
  3 two-headed ogres
  4 cyclopes
  A toenail golem (D:5)
  A gargoyle (D:12)
  A komodo dragon (D:11)
  The ghost of Valrug the Apothecary, a novice DsAl (D:5)
  An unseen horror (D:10)
  5 trolls
  Psyche (D:10)
  7 slime creatures (D:12)
  3 shadows
  4 wraiths
  2 wyverns (D:10)
  15 yaks
  2 acid dragons
  A water moccasin (D:7)
  5 orc warriors
  2 black bears (D:5)
  2 ogres
  A wolf (D:10)
  2 centaurs
  2 phantoms
  3 kobold brigands
  3 bullfrogs
  2 gnoll sergeants
  A small abomination (D:5)
  A killer bee (D:10)
  3 electric eels (D:10)
  2 howler monkeys (D:8)
  3 bombardier beetles
  A crimson imp (D:5)
  A jelly (D:5)
  A quasit (D:5)
  A gnoll bouda (D:6)
  3 orc priests (Orc:1)
  Crazy Yiuf (D:2)
  9 hounds
  A sleepcap (D:7)
  An iguana (D:7)
  7 orc wizards
  5 adders
  20 gnolls
  A shadow imp (D:8)
  2 white imps
  2 ufetubi (D:6)
  4 dart slugs
  A ribbon worm (D:2)
  23 orcs
  4 ball pythons
  3 endoplasms
  2 giant cockroaches
  11 goblins
  11 hobgoblins
  2 quokkas
  3 bats
  4 frilled lizards
  15 kobolds
  A kobold skeleton (D:7)
  8 rats
236 creatures vanquished.

Vanquished Creatures (others)
  2 gargoyles
  A human (D:5)
  A wolf (D:10)
  1101 foxfires
1105 creatures vanquished.

Grand Total: 1341 creatures vanquished

Notes
Turn   | Place    | Note
-------+----------+-------------------------------------------
     0 | D:1      | unlimited1921 the Djinni Fire Elementalist began the quest
                  | for the Orb.
     0 | D:1      | unlimited1921 set off with the following spells memorised:
                  | Foxfire, Scorch, Volatile Blastmotes, Inner Flame, Flame
                  | Wave.
     0 | D:1      | Reached XP level 1. HP: 15/15 MP: 0/0
   531 | D:1      | Found Madwinen's Antique Weapon Shop.
   535 | D:1      | Reached XP level 2. HP: 19/21 MP: 0/0
  1702 | D:1      | Reached XP level 3. HP: 23/25 MP: 0/0
  1702 | D:1      | Learned a level 1 spell: Necrotise
  4059 | D:2      | Found a runed translucent door.
  4060 | D:2      | Noticed Crazy Yiuf
  4332 | D:2      | Reached XP level 4. HP: 27/31 MP: 0/0
  5924 | D:2      | Killed Crazy Yiuf
  6782 | D:3      | Found a sparkling altar of Nemelex Xobeh.
  6794 | D:3      | Found a blossoming altar of Fedhas.
  6803 | D:3      | Reached XP level 5. HP: 30/35 MP: 0/0
  6803 | D:3      | Learned a level 2 spell: Momentum Strike
  7035 | D:3      | Identified the +6 spear of Tiese {flame, rElec rCorr Int+3
                  | Dex+3}
  7307 | D:3      | Identified the ring "Zicriydag" {rF++ rN+ EV+5}
  7887 | D:4      | Found a sacrificial altar of Ru.
  8167 | D:4      | Reached XP level 6. HP: 41/41 MP: 0/0
  8245 | D:4      | You are sucked into a shaft and drop 1 floor!
  8245 | D:5      | Entered Level 5 of the Dungeon
  8266 | D:5      | Noticed a black bear
  8269 | D:5      | Killed a black bear
  8270 | D:5      | Reached skill level 1 in Shields
  8282 | D:5      | Reached skill level 1 in Polearms
  8408 | D:5      | Noticed a human
  8409 | D:5      | Killed a human
  8767 | D:5      | Found a one-way gate to the infinite horrors of the Abyss.
  8767 | D:5      | Noticed Valrug's ghost (novice DsAl)
  8838 | D:5      | Found a transporter.
  8845 | D:5      | Reached XP level 7. HP: 46/46 MP: 0/0
  8845 | D:5      | Learned a level 3 spell: Fugue of the Fallen
  8869 | D:5      | Found a transporter.
  9886 | D:5      | Noticed a toenail golem
 10506 | D:6      | Reached XP level 8. HP: 27/51 MP: 0/0
 10769 | D:6      | Reached skill level 5 in Spellcasting
 10769 | D:6      | Reached skill level 5 in Conjurations
 10769 | D:6      | Reached skill level 5 in Hexes
 10769 | D:6      | Reached skill level 5 in Summonings
 10769 | D:6      | Reached skill level 5 in Necromancy
 10769 | D:6      | Reached skill level 5 in Translocations
 10769 | D:6      | Reached skill level 5 in Fire Magic
 10769 | D:6      | Reached skill level 5 in Ice Magic
 10769 | D:6      | Reached skill level 5 in Air Magic
 10769 | D:6      | Reached skill level 5 in Earth Magic
 10769 | D:6      | Reached skill level 5 in Alchemy
 11098 | D:6      | Reached skill level 1 in Fighting
 11367 | D:7      | Found a staircase to the Ecumenical Temple.
 11396 | Temple   | Entered the Ecumenical Temple
 11519 | D:7      | Found a bloodstained altar of Trog.
 11673 | D:7      | Reached skill level 5 in Shields
 11989 | D:7      | Found a runed translucent door.
 11989 | D:7      | Noticed a human
 12005 | D:7      | Found a basalt altar of Yredelemnul.
 12030 | D:7      | Found Feannum's Magic Scroll Boutique.
 12041 | D:7      | Bought a scroll of fear for 52 gold pieces
 12041 | D:7      | Bought a scroll of enchant armour for 97 gold pieces
 12041 | D:7      | Bought a scroll of identify for 26 gold pieces
 12041 | D:7      | Bought a scroll of enchant armour for 97 gold pieces
 12071 | D:7      | Reached XP level 9. HP: 57/57 MP: 0/0
 12071 | D:7      | Learned a level 3 spell: Vampiric Draining
 13041 | D:8      | Noticed a two-headed ogre
 13050 | D:8      | Killed a two-headed ogre
 13051 | D:8      | Reached XP level 10. HP: 62/62 MP: 0/0
 14166 | D:9      | Noticed Erolcha
 14174 | D:9      | Killed Erolcha
 14417 | D:9      | Found a burning altar of Makhleb.
 14662 | D:9      | Reached skill level 1 in Armour
 15054 | D:10     | Entered Level 10 of the Dungeon
 15130 | D:10     | Killed an unseen horror
 15204 | D:10     | Reached XP level 11. HP: 58/67 MP: 0/0
 15204 | D:10     | Learned a level 4 spell: Anguish
 15379 | D:10     | Noticed a two-headed ogre
 15389 | D:10     | Killed a two-headed ogre
 15431 | D:10     | Found a portal to a secret trove of treasure.
 15518 | D:10     | Found a shadowy altar of Dithmenos.
 15558 | D:10     | Noticed Psyche
 15582 | D:10     | Reached skill level 5 in Armour
 15583 | D:10     | Killed Psyche
 15696 | D:10     | Found a staircase to the Lair.
 15908 | D:10     | Noticed a tengu warrior
 15908 | D:10     | Noticed a boulder beetle
 15908 | D:10     | Noticed an occultist
 15908 | D:10     | Noticed a green ugly thing
 15908 | D:10     | Noticed an orc knight
 15908 | D:10     | Noticed a manticore
 15969 | D:10     | Noticed a centaur warrior
 15969 | D:10     | Noticed a deep elf pyromancer
 15969 | D:10     | Noticed a centaur warrior
 16316 | D:5      | Killed Valrug's ghost
 16460 | D:5      | Killed a toenail golem
 16781 | D:11     | Noticed a centaur warrior
 16835 | D:11     | Killed a centaur warrior
 17092 | D:11     | Noticed a cyclops
 17103 | D:11     | Killed a cyclops
 17210 | D:11     | Noticed a cyclops
 17213 | D:11     | Killed a cyclops
 17214 | D:11     | Reached XP level 12. HP: 45/74 MP: 0/0
 17631 | D:11     | Identified a scroll of acquirement
 18842 | D:12     | Reached skill level 10 in Spellcasting
 18842 | D:12     | Reached skill level 10 in Conjurations
 18842 | D:12     | Reached skill level 10 in Hexes
 18842 | D:12     | Reached skill level 10 in Summonings
 18842 | D:12     | Reached skill level 10 in Necromancy
 18842 | D:12     | Reached skill level 10 in Translocations
 18842 | D:12     | Reached skill level 10 in Fire Magic
 18842 | D:12     | Reached skill level 10 in Ice Magic
 18842 | D:12     | Reached skill level 10 in Air Magic
 18842 | D:12     | Reached skill level 10 in Earth Magic
 18842 | D:12     | Reached skill level 10 in Alchemy
 19225 | D:12     | Noticed a two-headed ogre
 19236 | D:12     | Killed a two-headed ogre
 19237 | D:12     | Reached skill level 5 in Dodging
 19237 | D:12     | Reached skill level 5 in Stealth
 19644 | D:12     | Found a staircase to the Orcish Mines.
 19652 | Orc:1    | Entered Level 1 of the Orcish Mines
 19658 | Orc:1    | Noticed a two-headed ogre
 20223 | D:13     | Noticed a centaur warrior
 20226 | D:13     | Noticed a skeletal warrior
 20232 | D:13     | Noticed a skeletal warrior
 20233 | D:13     | Killed a centaur warrior
 20234 | D:13     | Reached skill level 10 in Shields
 20236 | D:13     | Noticed a rakshasa
 20240 | D:13     | Noticed a centaur warrior
 20261 | D:13     | Noticed a boulder beetle
 20269 | D:13     | Killed a boulder beetle
 20279 | D:13     | Noticed a skeletal warrior
 20287 | D:13     | HP: 1/76 [centaur warrior/arrow (19)]
 20287 | D:13     | Shot with an arrow by a centaur warrior

Illustrated notes

Levels and vault maps discovered:
D:1:      psy_arrival_whirlpool, layout_basic, serial_shops, shop,
          wander_ebering_terrifying_dragon_lair
D:2:      layout_basic, hangedman_glass_teeth, columned_hall_lemuel,
          minmay_tetromino_i2, uniq_crazy_yiuf_cottage
D:3:      layout_basic, amcnicky_altar_gilded, mainiacjoe_overflow_catwalk,
          serial_corexii_hall, chequers_hall_statues_y, corexii_hall_statues_u,
          minmay_vboxes
D:4:      layout_loops_ring, mainiacjoe_overflow_brackets,
          nicolae_overflow_quartered_altars, gammafunk_ghost_mausoleum
D:5:      layout_layer_cave, tgw_kikubaaqudgha, gammafunk_ghost_abyssal_escape
D:6:      layout_loops_corners
D:7:      layout_basic, hellmonk_overflow_destroyed_library,
          dk_yredelemnul_ordeal, minmay_temple_entry_grid, serial_shops,
          nicolae_shop_getting_attention, hex_large, minivault_24,
          minmay_fountain_box
D:8:      layout_cave_pods, minivault_22
D:9:      nicolae_hitomezashi [nicolae_hito_row, nicolae_hito_row,
          nicolae_hito_row, nicolae_hito_row, nicolae_hito_row,
          nicolae_hito_row, nicolae_hito_row, nicolae_hito_row,
          nicolae_hito_row, nicolae_hito_row, nicolae_hito_row,
          nicolae_hito_row, nicolae_hito_row, nicolae_hito_row,
          nicolae_hito_row, nicolae_hito_row, nicolae_hito_row,
          nicolae_hito_row], layout_loops_ring,
          mainiacjoe_overflow_surrounded_room, hive_lemuel, uniq_erolcha
D:10:     layout_basic, nicolae_dithmenos_shadow_blocks, erik_lair_island,
          enter_trove_1, st_stairs_1, minivault_12, uniq_psyche
D:11:     layout_basic, kennysheep_another_room
D:12:     layout_loops_ring, orc_0_dummy, vehumet_crystals
D:13:     layout_loops_ring, lemuel_flamethrower_3
Temple:   nicolae_temple_bog_church
Orc:1:    cheibrodos_orc_arena, layout_caves, basic_altar

Skill      XL: |  1  2  3  4  5  6  7  8  9 10 11 12 |
---------------+-------------------------------------+-----
Stealth        | 2 3 4 5 |  5.0
Dodging        | 3 4 5 |  5.3
Shields        | 2 3 5 7 9 10 | 10.0
Polearms       | 1 2 3 4 |  4.1
Spellcasting   | 4 5 7 8 9 10 | 10.8
Conjurations   | 4 5 7 8 9 10 | 10.8
Hexes          | 4 5 7 8 9 10 | 10.8
Summonings     | 4 5 7 8 9 10 | 10.8
Necromancy     | 4 5 7 8 9 10 | 10.8
Translocations | 4 5 7 8 9 10 | 10.8
Fire Magic     | 4 5 7 8 9 10 | 10.8
Ice Magic      | 4 5 7 8 9 10 | 10.8
Air Magic      | 4 5 7 8 9 10 | 10.8
Earth Magic    | 4 5 7 8 9 10 | 10.8
Alchemy        | 4 5 7 8 9 10 | 10.8
Fighting       | 1 2 |  2.7
Armour         | 3 6 |  6.4
Throwing       | |  0.9

Action                     |  1- 3 |  4- 6 |  7- 9 | 10-12 || total
---------------------------+-------+-------+-------+-------++-------
  Melee: Spear             |       |    20 |    10 |   122 ||   152
  Throw: Dart              |       |       |       |    17 ||    17
   Cast: Foxfire           |    82 |   103 |   238 |   238 ||   661
         Scorch            |     6 |     5 |     4 |    78 ||    93
         Inner Flame       |       |     3 |    12 |    33 ||    48
         Fugue of the Fall |       |       |     1 |       ||     1
         Anguish           |       |       |       |    19 ||    19
         Vampiric Draining |       |       |       |    15 ||    15
         Flame Wave        |       |       |       |    14 ||    14
    Use: Scroll            |       |       |     9 |     8 ||    17
         Potion            |       |       |     1 |     2 ||     3
   Stab: Sleeping          |       |     1 |     1 |       ||     2
         Distracted        |       |       |       |     1 ||     1
         Invisible         |       |       |       |     1 ||     1
 Armour: Robe              |     5 |    15 |     6 |    25 ||    51
         Acid dragon scale |       |       |       |    68 ||    68
         Troll leather arm |       |       |       |    47 ||    47
  Dodge: Dodged            |     1 |    15 |    11 |   148 ||   175
  Block: Kite shield       |       |       |       |   165 ||   165
